 Dungeon Crawl Stone Soup version 0.26.1-2-gb8aa6d0cf2 (webtiles) character file.

Game seed: 1791291754063847135

36379 windgrace the Thaumaturge (level 13, -7/107 HPs)
             Began as a Demigod Conjurer on Feb 15, 2021.
             Collided with a deep elf mage (15 damage)
             ... caused by a deep elf knight
             ... on level 1 of the Elven Halls.
             The game lasted 01:50:56 (19015 turns).

windgrace the Thaumaturge (Demigod Conjurer)       Turns: 19015, Time: 01:50:56

Health: -7/107     AC:  9    Str: 10    XL:     13   Next: 21%
Magic:  13/39      EV: 19    Int: 30    God:
Gold:   1077       SH:  6    Dex: 21    Spells: 9/30 levels left

rFire    + . .     SeeInvis .   L - +5 long sword of Might {venom, *Slow Dex+7}
rCold    . . .     Faith    .   q - +0 buckler
rNeg     . . .     Spirit   .   X - +2 robe {Archmagi}
rPois    +         Reflect  .   B - +1 hat
rElec    .         Harm     .   (no cloak)
rCorr    .         Rampage  .   a - +0 pair of gloves
Will     +....                  f - +0 pair of boots
Stlth    ++........             (no amulet)
HPRegen  0.27/turn              j - ring of poison resistance
MPRegen  0.26/turn              P - ring of magical power

@: no status effects
A: slimy green scales 1, fire resistance 1, high mp 1, MP-powered wands
a: no special abilities


You were on level 1 of the Elven Halls.
You visited 3 branches of the dungeon, and saw 13 of its levels.
You visited the Abyss 1 time.

You collected 1413 gold pieces.
You spent 336 gold pieces at shops.

Inventory:

Hand Weapons
 d - a +2 mace of draining
 n - a +4 long sword of holy wrath
 s - a +2 dagger of draining
 v - a +1 dagger of speed
 K - a +4 war axe of freezing
 L - the +5 long sword of Might (weapon) {venom, *Slow Dex+7}
   (You took it off a gnoll on level 8 of the Dungeon)

   It poisons the flesh of those it strikes.
   It affects your dexterity (+7).
   It may slow you when you take damage.
Missiles
 b - 37 sling bullets
 p - 4 atropa-tipped darts
 A - 49 boomerangs
 M - 27 poisoned darts (quivered)
Armour
 a - a +0 pair of gloves (worn)
 f - a +0 pair of boots (worn)
 q - a +0 buckler (worn)
 B - a +1 hat (worn)
 C - a cursed +0 scale mail
 X - a +2 robe of the Archmagi (worn)
 Z - a +1 robe of fire resistance
Magical Staves
 W - an uncursed staff of earth
Jewellery
 j - a ring of poison resistance (left hand)
 w - an uncursed ring of protection from fire
 E - an uncursed ring of protection from fire
 P - a ring of magical power (right hand)
Wands
 y - a wand of disintegration (8)
 F - a wand of flame (29)
 G - a wand of polymorph (12)
 I - a wand of random effects (21)
 O - a wand of enslavement (11)
 R - a wand of acid (14)
Scrolls
 e - 2 scrolls of identify
 g - a scroll of enchant armour
 l - 4 scrolls of amnesia
 m - a scroll of enchant weapon
 o - a scroll of remove curse
 r - 6 scrolls of teleportation
 D - a scroll of blinking
 Q - a scroll of magic mapping
 T - a scroll of holy word
 U - a scroll of brand weapon
Potions
 c - 4 potions of lignification
 h - 2 potions of flight {unknown}
 i - a potion of berserk rage {unknown}
 k - a potion of curing
 t - 4 potions of brilliance
 u - 2 potions of haste {unknown}
 x - a potion of might {unknown}
 z - 2 potions of degeneration {unknown}
 H - 4 potions of invisibility
 N - 2 potions of ambrosia {unknown}
 S - 2 potions of cancellation {unknown}


   Skills:
 - Level 8.0 Fighting
 - Level 6.0 Long Blades
 - Level 4.0 Axes
 - Level 8.0 Dodging
 - Level 1.7 Stealth
 - Level 4.0 Shields
 + Level 9.0 Spellcasting
 - Level 9.0 Conjurations
 - Level 6.0 Hexes
 - Level 6.0 Summonings
 - Level 4.0 Translocations
 - Level 3.0 Air Magic
 - Level 2.0 Poison Magic
 - Level 4.0 Evocations


You had 9 spell levels left.
You knew the following spells:

 Your Spells              Type           Power        Failure   Level
a - Magic Dart            Conj           100%         1%          1
b - Searing Ray           Conj           100%         1%          2
c - Fulminant Prism       Conj/Hex       36%          1%          4
d - Dazzling Flash        Conj/Hex       100%         1%          3
e - Iskenderun's Mystic   Conj/Tloc      68%          2%          4
f - Mephitic Cloud        Conj/Pois/Air  58%          1%          3
g - Call Imp              Summ           65%          1%          2
h - Blink                 Tloc           N/A          1%          2

Your spell library contained the following spells:

 Spells                   Type           Power        Failure   Level
 Corona                   Hex            72%          1%          1
 Summon Small Mammal      Summ           100%         1%          1
 Ensorcelled Hibernation  Hex/Ice        94%          1%          2
 Slow                     Hex            65%          1%          2
 Call Canine Familiar     Summ           65%          1%          3
 Confusing Touch          Hex            65%          1%          3
 Conjure Flame            Conj/Fire      57%          1%          3
 Summon Guardian Golem    Hex/Summ       65%          1%          3
 Tukima's Dance           Hex            65%          1%          3
 Summon Lightning Spire   Summ/Air       57%          6%          4
 Summon Ice Beast         Ice/Summ       47%          11%         4


Dungeon Overview and Level Annotations

Branches:
Dungeon (10/15)            Temple (0/1) D:4            Lair (0/6) D:10
    Orc (2/2) D:10            Elf (1/3) Orc:2

Shops:
D:4 (   D:7 !   D:8 :   Orc:2 *}!!

Portals:
Trove: D:10 (give 5 scrolls of fear)


Innate Abilities, Weirdness & Mutations

You have an increased reservoir of magic. (+10% MP)
You are partially covered in slimy green scales. (AC +2)
Your flesh is heat resistant. (rF+)
You expend magic power (3 MP) to strengthen your wands.


Message History

There is an open door here.
There is an open door here.
A deep elf knight comes into view. It is wielding a +0 scimitar.
The deep elf knight shouts!
A deep elf mage comes into view. It is wielding a +0 long sword.
The deep elf mage shouts!
You hear a shout!
You block the deep elf knight's attack.
A deep elf mage comes into view. It is wielding a -3 dagger.
A deep elf demonologist comes into view.
It is wielding a +0 rapier.
The deep elf knight gestures at you while chanting.
The stone arrow misses you.
A deep elf mage comes into view. It is wielding a +0 long sword.
The deep elf mage casts a spell at you. The sticky flame misses you.
The deep elf knight casts a spell at you.
The lance of force hits you!!
* * * LOW HITPOINT WARNING * * *
You are knocked back by the lance of force.
You collide with the deep elf mage!
You die...

.......########.......# #.# ##
.......# ##.....## #.# #.
.....'## ##)..#'## #.# ##
##.###.## ##'#####.## #.# # ###
##.#######.## ##.## #.# ##
##'#...#'## ##.###'###. #.......#
##'#...#'#
#...>((.###########.....##
########...e)..'@eee.e..'.....).#
.......'.......##########.......#
########.....(.# #.......#
###...### ##.....'# #####
##...##. ####### #


You could see a deep elf demonologist (wandering), a deep elf knight and 3 deep
elf magi.

Vanquished Creatures
  2 orc warlords
  A deep elf demonologist (Elf:1)
  A deep elf death mage (Elf:1)
  A vault guard (D:10)
  6 dancing weapons (Elf:1)
  2 orc high priests (Orc:2)
  5 deep elf knights (Elf:1)
  An orc knight (Orc:2)
  3 necromancers (Elf:1)
  3 deep elf archers
  5 orc sorcerers
  A cyclops (Orc:2)
  11 deep elf magi (Elf:1)
  4 trolls (Orc:2)
  4 large abominations (Elf:1)
  3 air elementals
  A wraith (D:10)
  Grum (D:8)
  4 yaks (D:10)
  4 wyverns (D:10)
  12 wargs
  3 water moccasins (D:10)
  3 ice beasts
  29 orc warriors
  2 sky beasts
  8 ogres
  3 phantoms
  3 centaurs
  2 wolves (D:8)
  7 bullfrogs
  2 elf zombies (Elf:1)
  2 big kobolds
  2 wyvern zombies (D:6)
  2 earth elementals (Elf:1)
  3 scorpions
  A water moccasin skeleton (D:6)
  6 killer bees (D:8)
  13 wights
  4 howler monkeys
  An electric eel (D:8)
  4 hounds
  A quasit (D:5)
  2 centaur zombies (D:10)
  A bullfrog skeleton (D:5)
  A gnoll shaman (D:8)
  23 orc wizards
  34 orc priests
  Terence (D:2)
  Natasha (D:3)
  9 worker ants
  A killer bee zombie (D:6)
  3 hound zombies
  2 worker ant zombies
  4 gnolls
  15 adders
  3 white imps
  2 ufetubi
  3 adder zombies
  A worm (D:2)
  A dart slug (D:4)
  6 leopard geckos
  69 orcs
  7 bats
  5 giant cockroaches
  10 goblins
  12 hobgoblins
  11 jackals
  6 quokkas
  6 frilled lizards
  13 kobolds
  A quokka skeleton (D:6)
  10 rats
  A spectral orc (D:8)
  2 fulminant prisms (D:10)
442 creatures vanquished.

Vanquished Creatures (others)
  A kobold (D:8)
  5 bushes (D:10)
  78 fulminant prisms
  A fungus (D:10)
  48 plants
133 creatures vanquished.

Grand Total: 575 creatures vanquished

Notes
Turn   | Place    | Note
-------+----------+-------------------------------------------
     0 | D:1      | windgrace the Demigod Conjurer began the quest for the Orb.
     0 | D:1      | Reached XP level 1. HP: 14/14 MP: 5/5
   254 | D:1      | Reached XP level 2. HP: 20/20 MP: 2/7
   285 | D:1      | Learned a level 2 spell: Searing Ray
   889 | D:2      | Reached XP level 3. HP: 26/26 MP: 7/9
  1138 | D:2      | Noticed Terence
  1150 | D:2      | Killed Terence
  1151 | D:2      | Reached XP level 4. HP: 25/33 MP: 1/12
  1158 | D:2      | Learned a level 4 spell: Fulminant Prism
  1992 | D:3      | Found an opulent altar of Gozag.
  2440 | D:3      | Noticed Natasha
  2444 | D:3      | Killed Natasha
  2445 | D:3      | Reached skill level 1 in Hexes
  2445 | D:3      | Reached XP level 5. HP: 38/38 MP: 8/14
  2631 | D:4      | Found a snail-covered altar of Cheibriados.
  2632 | D:4      | Found a hide-covered altar of Uskayaw.
  2632 | D:4      | Found an iron altar of Okawaru.
  2633 | D:4      | Found a burning altar of Makhleb.
  2885 | D:4      | Noticed an ogre
  2890 | D:4      | Killed an ogre
  3171 | D:4      | Found a hazy altar of Hepliaklqana.
  3290 | D:4      | Reached skill level 1 in Shields
  3290 | D:4      | Reached XP level 6. HP: 28/45 MP: 9/15
  3417 | D:4      | Found a staircase to the Ecumenical Temple.
  3607 | D:4      | Found Siluqas's Weapon Shoppe.
  3732 | D:5      | Entered Level 5 of the Dungeon
  3793 | D:5      | Found a sacrificial altar of Ru.
  3984 | D:5      | Reached XP level 7. HP: 50/50 MP: 8/16
  4532 | D:5      | Reached skill level 5 in Spellcasting
  4932 | D:6      | Reached skill level 5 in Conjurations
  4932 | D:6      | Reached skill level 1 in Evocations
  5324 | D:6      | Reached XP level 8. HP: 57/57 MP: 0/19
  5744 | D:6      | You fall into a shaft and drop 3 floors!
  6191 | D:7      | Found a broken altar of Ashenzari.
  6304 | D:7      | Reached skill level 1 in Fighting
  7127 | D:7      | Found Isef's Distillery.
  7426 | D:6      | Reached skill level 1 in Axes
  7997 | D:7      | Bought a potion of brilliance for 48 gold pieces
  7997 | D:7      | Bought a potion of heal wounds for 60 gold pieces
  7997 | D:7      | Bought a potion of invisibility for 96 gold pieces
  7997 | D:7      | Bought a potion of mutation for 96 gold pieces
  7997 | D:7      | Bought a potion of lignification for 36 gold pieces
  7997 | D:7      | Gained mutation: Your flesh is heat resistant. (rF+)
                  | [potion of mutation]
  7997 | D:7      | Gained mutation: You are partially covered in slimy green
                  | scales. (AC +2) [potion of mutation]
  7997 | D:7      | Gained mutation: You expend magic power (3 MP) to
                  | strengthen your wands. [potion of mutation]
  8378 | D:8      | Noticed Grum
  8383 | D:8      | Killed Grum
  8384 | D:8      | Reached XP level 9. HP: 67/71 MP: 12/20
  8683 | D:8      | Reached skill level 5 in Dodging
  8733 | D:8      | Identified the +5 long sword of Might {venom, *Slow Dex+7}
  9067 | D:8      | Learned a level 3 spell: Dazzling Flash
  9072 | D:8      | Learned a level 4 spell: Iskenderun's Mystic Blast
  9191 | D:8      | Found Nicloe's Book Boutique.
  9325 | D:8      | Found a basalt altar of Yredelemnul.
  9661 | D:9      | Learned a level 3 spell: Mephitic Cloud
  9664 | D:9      | Learned a level 2 spell: Call Imp
  9763 | D:9      | Found a radiant altar of Vehumet.
  9763 | D:9      | Found an ancient bone altar of Kikubaaqudgha.
  9764 | D:9      | Found a shimmering blue altar of Sif Muna.
  9771 | D:9      | Identified Sif Muna's Incunabulum of Summoning
 10106 | D:9      | Found a blossoming altar of Fedhas.
 10225 | D:10     | Entered Level 10 of the Dungeon
 10359 | D:10     | Reached skill level 1 in Long Blades
 10673 | D:10     | Noticed a vault guard
 10698 | D:10     | Killed a vault guard
 10699 | D:10     | Reached XP level 10. HP: 39/78 MP: 13/24
 10967 | D:10     | Found a portal to a secret trove of treasure.
 11231 | D:10     | Reached skill level 1 in Air Magic
 11231 | D:10     | Reached skill level 1 in Poison Magic
 11340 | D:10     | Found a staircase to the Lair.
 11547 | D:10     | Reached skill level 1 in Summonings
 11595 | D:10     | Found a staircase to the Orcish Mines.
 11656 | Orc:1    | Entered Level 1 of the Orcish Mines
 11953 | Orc:1    | Found a burning altar of Makhleb.
 12086 | Orc:2    | Entered Level 2 of the Orcish Mines
 12099 | Orc:2    | Noticed an orc warlord
 12656 | Orc:1    | Noticed an orc sorcerer
 12669 | Orc:1    | Paralysed by an orc sorcerer for 6 turns
 12672 | Orc:1    | Killed an orc sorcerer
 12673 | Orc:1    | Reached XP level 11. HP: 25/82 MP: 25/25
 13155 | Orc:2    | Killed an orc warlord
 13611 | Orc:1    | Reached skill level 5 in Fighting
 13791 | Orc:1    | Noticed an orc warlord
 13948 | Orc:2    | Noticed a soul eater
 13948 | Orc:2    | Noticed an orc high priest
 13961 | Orc:2    | Paralysed by an orc sorcerer for 3 turns
 14194 | Orc:2    | Noticed a sixfirhy
 14371 | Orc:2    | Killed an orc high priest
 14686 | Orc:2    | Noticed an orc knight
 14817 | Orc:2    | Killed an orc knight
 15370 | Orc:1    | Found a roughly hewn altar of Beogh.
 15400 | Orc:1    | Killed an orc warlord
 15401 | Orc:1    | Reached XP level 12. HP: 28/96 MP: 0/29
 15845 | Orc:2    | Found Mejum's Gadget Boutique.
 15845 | Orc:2    | Found Nuhyimp's Distillery.
 15849 | Orc:2    | Found Xewkeud's Distillery.
 15851 | Orc:2    | Found Jyival's Assorted Antiques.
 15935 | Orc:2    | Learned a level 2 spell: Blink
 15974 | Orc:2    | Found a roughly hewn altar of Beogh.
 16076 | Orc:2    | Reached skill level 5 in Long Blades
 16399 | Orc:2    | Found a staircase to the Elven Halls.
 16690 | Elf:1    | Entered Level 1 of the Elven Halls
 16997 | Elf:1    | Reached skill level 5 in Summonings
 17402 | Elf:1    | Noticed a deep elf demonologist
 17408 | Elf:1    | Cast into level 2 of the Abyss (a deep elf demonologist)
 17476 | Elf:1    | Escaped the Abyss
 17480 | Elf:1    | Noticed a green death
 17482 | Elf:1    | Killed a deep elf demonologist
 18240 | Elf:1    | Reached XP level 13. HP: 72/107 MP: 30/30
 19014 | Elf:1    | Noticed a deep elf demonologist
 19015 | Elf:1    | Collided with a deep elf mage

Illustrated notes

Levels and vault maps discovered:
D:1:      dpeg_arrival_orchard, layout_rooms
D:2:      layout_rooms, uniq_terence
D:3:      layout_basic, nicolae_gozag_cash_rules_everything_around_me,
          uniq_natasha
D:4:      layout_loops_ring, lemuel_coloured_pillars_altar,
          chequers_temple_overflow_statue_of_worship, temple_fountains,
          serial_shops, shop, minmay_ruptured
D:5:      layout_basic, overflow_temple_1_default, abandoned_shop,
          minmay_liquid_box
D:6:      layout_loops_cross
D:7:      layout_basic, evilmike_ruin_ashenzari, serial_shops, shop,
          st_stairs_13
D:8:      layout_loops_ring, yredelemnul_forgotten_temple_becter, serial_shops,
          shop, serial_bayou_ford_a, uniq_grum
D:9:      layout_basic, grunt_temple_overflow_magic_moments, fedhas_altar_4
D:10:     layout_layer_cave, minmay_lair_entry_grove,
          minmay_orc_entry_guard_dogs, enter_trove_5
Orc:1:    layout_caves, basic_altar, mines1_david
Orc:2:    st_orc_mages, layout_diamond_mine, minmay_orc_temple_c
Elf:1:    eino_elf_arrival_shootout, layout_geoelf_diagonals,
          minmay_elf_necromancy, uniq_roxanne

Skill      XL: |  1  2  3  4  5  6  7  8  9 10 11 12 13 |
---------------+----------------------------------------+-----
Dodging        | 2 4 6 8 |  8.0
Spellcasting   | 2 3 4 5 7 9 |  9.0
Conjurations   | 4 5 7 8 9 |  9.0
Hexes          | 1 3 6 |  6.0
Shields        | 1 4 |  4.0
Evocations     | 3 4 |  4.0
Fighting       | 4 6 8 |  8.0
Axes           | 3 4 |  4.0
Long Blades    | 4 6 |  6.0
Air Magic      | 3 |  3.0
Poison Magic   | 2 |  2.0
Summonings     | 4 6 |  6.0
Translocations | 2 4 |  4.0
Stealth        | |  1.7

Action                   |  1- 3 |  4- 6 |  7- 9 | 10-12 | 13-15 || total
-------------------------+-------+-------+-------+-------+-------++-------
Melee: Short sword       |     8 |     3 |       |       |       ||    11
       Dagger            |       |     6 |       |       |       ||     6
       War axe           |       |       |    27 |       |       ||    27
       Long sword        |       |       |    23 |   207 |     7 ||   237
Throw: Boomerang         |       |       |     1 |       |       ||     1
       Dart              |       |       |       |     1 |       ||     1
 Cast: Magic Dart        |    63 |    35 |    30 |    24 |       ||   152
       Searing Ray       |     3 |    33 |    80 |    73 |     3 ||   192
       Fulminant Prism   |       |       |    17 |    58 |     5 ||    80
       Mephitic Cloud    |       |       |     3 |     8 |       ||    11
       Call Imp          |       |       |     2 |     8 |       ||    10
       Iskenderun's Myst |       |       |     1 |    65 |     8 ||    74
       Dazzling Flash    |       |       |     1 |       |       ||     1
       Blink             |       |       |       |     1 |       ||     1
  Use: Scroll            |       |     9 |     5 |     4 |       ||    18
       Potion            |       |       |     1 |     3 |       ||     4
 Stab: Sleeping          |     1 |       |       |       |     1 ||     2
       Confused          |       |       |       |     1 |       ||     1
       Distracted        |       |       |       |     1 |       ||     1
Armor: Robe              |     1 |     1 |     2 |    28 |       ||    32
       Animal skin       |       |       |    10 |     7 |       ||    17
Dodge: Dodged            |     2 |    18 |    82 |   198 |     7 ||   307
Block: Buckler           |       |       |    45 |    85 |     2 ||   132
       Rpst.: Long sword |       |       |     7 |    61 |     2 ||    70
